Map: Orbital Shipyard

Players

AcerNerchio (Nerchio)

  • Race: Zerg Zerg

speaknow (ByuN) - Winner!

  • Race: Terran Terran
  • League: Platinum

VOD

Have the link to the VOD?

Description

Time

  • Played on: Dec. 14, 2015, 11:14 p.m.
  • Length: 7:19
Show
View Real Time Build Order
Export as new Build Order

AcerNerchio Zerg 

Build Orders: Hatch First 

Get SALT Encoding   

  12  0:01  Drone  
  13  0:12  Overlord  
  13  0:17  Drone  
  14  0:30  Drone  
  14  0:31  Drone  
  14  0:35  Drone  
  17  0:51  Hatchery  
  17  0:55  Drone  
  17  0:59  Drone  
  18  1:12  Spawning Pool  
  18  1:16  Drone  
  18  1:19  Drone  
  18  1:21  Extractor  
  18  1:28  Drone  
  19  1:39  Overlord  
  19  1:59  Queen, Zergling x2  
  19  2:00  Zergling x2  
  23  2:03  Queen  
  23  2:04  Zergling x2  
  26  2:11  Drone  
  26  2:14  Drone  
  28  2:22  Drone  
  29  2:25  Drone  
  30  2:32  Metabolic Boost  
  30  2:35  Queen  
  30  2:36  Overlord  
  32  2:40  Drone  
  32  2:43  Drone  
  33  2:50  Overlord  
  33  2:54  Drone  
  33  2:58  Drone  
  35  3:05  Zergling x2  
  36  3:12  Zergling x8  
  40  3:16  Roach Warren, Queen  
  39  3:26  Zergling x8  
  40  3:44  Zergling x6  
  40  3:45  Zergling x6  
  40  3:46  Zergling x2  
  42  3:50  Queen  
  42  3:53  Zergling x2  
  42  4:01  Roach x2  
  44  4:09  Roach  
  43  4:12  Roach, Queen  
  47  4:19  Roach  
  49  4:25  Queen  
  49  4:27  Overlord  
  49  4:30  Overlord  
  51  4:41  Drone  
  51  4:42  Overlord  
  52  4:49  Drone x3  
  52  4:50  Drone  
  56  4:53  Drone  
  56  4:55  Extractor  
  56  4:59  Drone  
  58  5:00  Drone x3  
  58  5:05  Drone  
  61  5:08  Drone  
  62  5:16  Evolution Chamber, Drone x4  
  62  5:17  Evolution Chamber  
  62  5:19  Drone  
  65  5:22  Extractor  
  65  5:25  Ravager  
  65  5:29  Overlord, Extractor  
  65  5:30  Drone  
  65  5:34  Overlord  
  65  5:35  Drone x2  
  67  5:38  Drone  
  68  5:44  Drone  
  68  5:45  Drone x3  
  72  6:03  Ravager  
  71  6:04  Drone x4  
  74  6:11  Drone x2  
  75  6:19  Zergling x6  
  74  6:29  Zergling x4  
  74  6:30  Zergling x4  
  75  6:33  Zergling x2  
  76  6:40  Roach  
  76  6:44  Roach x3  
  76  6:46  Hatchery  
Show
View Real Time Build Order
Export as new Build Order

speaknow Terran - Winner!

Build Orders:  

Get SALT Encoding   

  12  0:00  SCV  
  13  0:13  SCV  
  14  0:17  Supply Depot  
  14  0:25  SCV  
  14  0:28  Refinery  
  15  0:41  Barracks  
  15  0:44  SCV  
  16  0:56  SCV  
  17  1:02  Barracks  
  17  1:08  SCV  
  18  1:20  SCV  
  18  1:23  Barracks  
  19  1:34  Reaper  
  20  1:40  Orbital Command  
  20  1:49  Reaper  
  20  1:51  Supply Depot  
  21  1:59  Refinery  
  21  2:05  SCV  
  21  2:08  Reaper  
  23  2:13  Reaper  
  24  2:17  SCV  
  24  2:22  Supply Depot  
  25  2:26  Reaper  
  25  2:29  SCV  
  27  2:40  Reaper  
  27  2:41  SCV  
  29  2:45  Reaper  
  30  2:56  Command Center  
  30  2:59  SCV  
  31  3:10  Reaper  
  31  3:11  SCV  
  33  3:13  Reaper  
  33  3:17  Supply Depot  
  34  3:23  SCV  
  34  3:26  Reaper  
  36  3:36  SCV  
  37  3:42  Reaper  
  37  3:45  Reaper  
  37  3:48  SCV  
  40  3:58  Reaper  
  40  4:00  SCV  
  41  4:12  SCV  
  41  4:16  Command Center  
  42  4:18  Barracks Tech Lab  
  42  4:21  Orbital Command  
  41  4:24  SCV  
  41  4:30  Barracks Reactor x2  
  42  4:36  SCV  
  42  4:38  Stimpack, Marine  
  44  4:44  Factory  
  44  4:52  SCV x2  
  45  4:55  Marine  
  45  5:04  SCV x2  
  47  5:07  Marine x3  
  47  5:09  Marine  
  47  5:14  Refinery, Marauder  
  53  5:15  Supply Depot, Refinery  
  53  5:16  SCV x2  
  55  5:21  Engineering Bay  
  55  5:22  Engineering Bay  
  55  5:26  Marine  
  55  5:27  Marine x3  
  55  5:28  SCV  
  60  5:32  Orbital Command  
  61  5:39  Starport  
  61  5:40  SCV  
  61  5:42  SCV  
  62  5:46  Marauder  
  62  5:48  Marine x3  
  67  5:50  Marine  
  67  5:52  SCV  
  67  5:55  Factory Reactor  
  69  6:02  SCV x2  
  71  6:04  SCV  
  71  6:07  Supply Depot  
  71  6:09  Marine x3  
  75  6:13  Marine  
  75  6:15  Marauder  
  78  6:22  Orbital Command  
  77  6:27  Marine x3  
  77  6:31  Marine  
  82  6:34  Supply Depot  
  82  6:36  Supply Depot  
  82  6:37  Marauder  
  82  6:39  SCV x2  
  85  6:42  Factory Tech Lab, Medivac x2  
  85  6:45  Barracks  
  89  6:56  Barracks  
Tags
 
Add a new tag
Caveats
  • Supply blocks, unpowered buildings, or Contaminate may cause inaccurate times.
  • Supply counts are checked every 10 seconds.